BLB
BALTIMORE BULLDOGS @ DENVER BULLS
03/16/2060
 
TOP OF THE 1ST
Baltimore Bulldogs batting - Pitching for Denver Bulls : RHP Joel Sawyer
Pitching: RHP Joel Sawyer
Batting: LHB Shan Waseem 0-0: Ball
1-0: Swinging Strike
1-1: Ball
2-1: Foul Ball, location: 2F
2-2: Fly out, F9 (Line Drive, 89D, EV 88.1 MPH)
Batting: LHB Justin Castiglioni 0-0: Ball
1-0: SINGLE (Line Drive, 34D, EV 102.5 MPH)
Batting: SHB Val Schmit 0-0: Ball
1-0: Ball
Justin Castiglioni steals 2nd base
2-0: Ball
3-0: Called Strike
3-1: Base on Balls
Batting: LHB Andy Wulfeck 0-0: 3-RUN HOME RUN (Flyball, 89XD, EV 115.6 MPH), Distance : 438 ft
Batting: SHB Cole Watson 0-0: Ball
1-0: Foul Ball, location: 2F
1-1: Ball
2-1: Called Strike
2-2: Foul Ball, location: 2F
2-2: Strikes out swinging
Batting: RHB Kyle Dodiry 0-0: Fly out, F6 (Popup, 6S, EV 70.0 MPH)
Top of the 1st over - 3 runs, 2 hits, 0 errors, 0 left on base; Baltimore 3 - Denver 0
BOTTOM OF THE 1ST
Denver Bulls batting - Pitching for Baltimore Bulldogs : LHP Riley Hein
Pitching: LHP Riley Hein
Batting: RHB Dalton Brown 0-0: Ball
1-0: Ball
2-0: Ball
3-0: Called Strike
3-1: Called Strike
3-2: Strikes out swinging
Batting: RHB Liam Gill 0-0: Ball
1-0: Called Strike
1-1: Foul Ball, location: 2F
1-2: Strikes out swinging
Batting: RHB Kyle Bruns 0-0: Called Strike
0-1: Ball
1-1: Foul Ball, location: 2F
1-2: Foul Ball, location: 2F
1-2: Strikes out swinging
Bottom of the 1st over - 0 runs, 0 hits, 0 errors, 0 left on base; Baltimore 3 - Denver 0
TOP OF THE 2ND
Baltimore Bulldogs batting - Pitching for Denver Bulls : RHP Joel Sawyer
Batting: RHB Stephen Cuff 0-0: Fly out, F2 (Popup, 23F, EV 91.9 MPH)
Batting: LHB Peter Clothier 0-0: Ball
1-0: SINGLE (Line Drive, 89S, EV 93.1 MPH)
Batting: LHB Charlie Estes 0-0: Ball
1-0: Foul Ball, location: 2F
1-1: Swinging Strike
1-2: Ball
2-2: Strikes out swinging
Batting: LHB Shan Waseem 0-0: Foul Ball, location: 2F
0-1: Ball
1-1: Ball
2-1: Foul Ball, location: 2F
2-2: Ground out 1-3 (Groundball, 13S, EV 73.1 MPH)
Top of the 2nd over - 0 runs, 1 hit, 0 errors, 1 left on base; Baltimore 3 - Denver 0
BOTTOM OF THE 2ND
Denver Bulls batting - Pitching for Baltimore Bulldogs : LHP Riley Hein
Batting: RHB Devin Mastroianni 0-0: Ball
1-0: Called Strike
1-1: Ball
2-1: Foul Ball, location: 2F
2-2: Strikes out swinging
Batting: LHB Dave Hargrave 0-0: Ball
1-0: Ball
2-0: Called Strike
2-1: Fly out, F7 (Flyball, 78D, EV 93.8 MPH)
Batting: RHB Lambert Howard 0-0: Ball
1-0: Foul Ball, location: 2F
1-1: Fly out, F7 (Flyball, 7LS, EV 94.4 MPH)
Bottom of the 2nd over - 0 runs, 0 hits, 0 errors, 0 left on base; Baltimore 3 - Denver 0
TOP OF THE 3RD
Baltimore Bulldogs batting - Pitching for Denver Bulls : RHP Joel Sawyer
Batting: LHB Justin Castiglioni 0-0: Fly out, F9 (Flyball, 9D, EV 85.6 MPH)
Batting: SHB Val Schmit 0-0: Called Strike
0-1: Ball
1-1: Foul Ball, location: 2F
1-2: Fly out, F8 (Flyball, 8LM, EV 89.4 MPH)
Batting: LHB Andy Wulfeck 0-0: Called Strike
0-1: Foul Ball, location: 2F
0-2: Ball
1-2: SINGLE (Line Drive, 6D, EV 96.2 MPH)
Batting: SHB Cole Watson 0-0: Ball
1-0: Ball
2-0: Fly out, F9 (Flyball, 9D, EV 106.9 MPH)
Top of the 3rd over - 0 runs, 1 hit, 0 errors, 1 left on base; Baltimore 3 - Denver 0
BOTTOM OF THE 3RD
Denver Bulls batting - Pitching for Baltimore Bulldogs : LHP Riley Hein
Batting: RHB Kelvin Knox 0-0: Called Strike
0-1: Ball
1-1: SINGLE (Groundball, 4MD, EV 96.9 MPH)
Batting: SHB Lindsay Einaudi 0-0: Ball
1-0: Fly out, F6 (Popup, 6, EV 61.2 MPH)
Batting: SHB T.J. Carter 0-0: Called Strike
0-1: Ball
1-1: Grounds into double play, 4-6-3 (Groundball, 34, EV 82.5 MPH)
Bottom of the 3rd over - 0 runs, 1 hit, 0 errors, 0 left on base; Baltimore 3 - Denver 0
TOP OF THE 4TH
Baltimore Bulldogs batting - Pitching for Denver Bulls : RHP Joel Sawyer
Pitching: RHP Kameron Oliver
Batting: RHB Kyle Dodiry 0-0: Ground out 5-3 (Groundball, 56, EV 88.8 MPH)
Batting: RHB Stephen Cuff 0-0: SINGLE (Line Drive, 5D, EV 96.2 MPH)
Batting: LHB Peter Clothier 0-0: Called Strike
0-1: Ball
1-1: Ball
2-1: Called Strike
2-2: Ball
3-2: Foul Ball, location: 2F
3-2: Ground out 1-3 (Groundball, 13S, EV 63.8 MPH)
Stephen Cuff to second
Batting: LHB Charlie Estes 0-0: Called Strike
0-1: Ball
1-1: Foul Ball, location: 2F
1-2: Ball
2-2: Strikes out swinging
Top of the 4th over - 0 runs, 1 hit, 0 errors, 1 left on base; Baltimore 3 - Denver 0
BOTTOM OF THE 4TH
Denver Bulls batting - Pitching for Baltimore Bulldogs : LHP Riley Hein
Batting: RHB Dalton Brown 0-0: Ball
1-0: Foul Ball, location: 2F
1-1: Ball
2-1: Ground out 4-3 (Groundball, 4, EV 91.2 MPH)
Batting: RHB Liam Gill 0-0: Ball
1-0: Called Strike
1-1: Ball
2-1: Ball
3-1: Ground out 6-3 (Groundball, 6, EV 87.5 MPH)
Batting: RHB Kyle Bruns 0-0: Called Strike
0-1: Foul Ball, location: 2F
0-2: SINGLE (Groundball, 6MD, EV 103.8 MPH)
Batting: RHB Devin Mastroianni 0-0: Ball
1-0: Called Strike
1-1: Hit by Pitch
Kyle Bruns to second
Batting: LHB Dave Hargrave 0-0: Called Strike
0-1: Fly out, F7 (Flyball, 7LM, EV 86.2 MPH)
Bottom of the 4th over - 0 runs, 1 hit, 0 errors, 2 left on base; Baltimore 3 - Denver 0
TOP OF THE 5TH
Baltimore Bulldogs batting - Pitching for Denver Bulls : RHP Kameron Oliver
Pitching: RHP Julian Dickson
Pinch Hitting: RHB Sonny Zidane 0-0: Called Strike
0-1: Called Strike
0-2: Strikes out swinging
Batting: LHB Justin Castiglioni 0-0: SINGLE (Groundball, 34S, EV 65.6 MPH) (infield hit)
Batting: SHB Val Schmit
Batting: LHB Kentrellis Donciu 0-0: Ball
1-0: Ball
Justin Castiglioni is caught stealing 2nd base 2-6
2-0: Ball
3-0: Called Strike
3-1: Base on Balls
Batting: LHB Andy Wulfeck 0-0: Ball
1-0: Fly out, F7 (Flyball, 7, EV 76.2 MPH)
Top of the 5th over - 0 runs, 1 hit, 0 errors, 1 left on base; Baltimore 3 - Denver 0
BOTTOM OF THE 5TH
Denver Bulls batting - Pitching for Baltimore Bulldogs : LHP Riley Hein
Now at C: Neil Shoemaker
Now at 1B: Sonny Zidane
Now at 2B: Cole Watson
Now at 3B: Antonio Boyle
Batting: RHB Lambert Howard 0-0: Ball
1-0: Called Strike
1-1: Ball
2-1: Ball
3-1: Base on Balls
Batting: RHB Kelvin Knox 0-0: Called Strike
0-1: Foul Ball, location: 2F
0-2: Strikes out swinging
Batting: SHB Lindsay Einaudi 0-0: Called Strike
0-1: Called Strike
0-2: Ball
1-2: Foul Ball, location: 2F
1-2: Ball
2-2: Grounds into double play, 4-6-3 (Groundball, 4, EV 101.2 MPH)
Bottom of the 5th over - 0 runs, 0 hits, 0 errors, 0 left on base; Baltimore 3 - Denver 0
TOP OF THE 6TH
Baltimore Bulldogs batting - Pitching for Denver Bulls : RHP Julian Dickson
Pitching: RHP Rickie Guerreiro
Pinch Hitting: LHB Owen Keimig 0-0: Ball
1-0: Ground out 6-3 (Groundball, 6, EV 81.9 MPH)
Batting: RHB Neil Shoemaker 0-0: Foul Ball, location: 2F
0-1: Ball
1-1: Fly out, F9 (Flyball, 9, EV 82.5 MPH)
Batting: RHB Stephen Cuff 0-0: Called Strike
0-1: Ground out U3 (Groundball, 3L, EV 101.9 MPH)
Top of the 6th over - 0 runs, 0 hits, 0 errors, 0 left on base; Baltimore 3 - Denver 0
BOTTOM OF THE 6TH
Denver Bulls batting - Pitching for Baltimore Bulldogs : LHP Riley Hein
Pitching: RHP Jim Miller
Now at 2B: Owen Keimig
Batting: SHB T.J. Carter 0-0: Ball
1-0: Foul Ball, location: 2F
1-1: Ball
2-1: Swinging Strike
2-2: Ball
3-2: Foul Ball, location: 2F
3-2: Ground out U3 (Groundball, 3, EV 105.6 MPH)
Pinch Hitting: SHB Sage Reinisch 0-0: Ball
1-0: Fly out, F6 (Popup, 6, EV 71.9 MPH)
Pinch Hitting: RHB Odell Mapute 0-0: Ball
1-0: Called Strike
1-1: Ball
2-1: Foul Ball, location: 9LSF, Error on foul ball, E9
2-2: Foul Ball, location: 2F
2-2: Foul Ball, location: 2F
2-2: Ball
3-2: Ground out 5-3 (Groundball, 56S, EV 87.5 MPH)
Bottom of the 6th over - 0 runs, 0 hits, 1 error, 0 left on base; Baltimore 3 - Denver 0
TOP OF THE 7TH
Baltimore Bulldogs batting - Pitching for Denver Bulls : RHP Rickie Guerreiro
Pitching: LHP Chandler Magnuson
Now at 2B: Odell Mapute
Now at 3B: Eaton Duda
Now at SS: Sage Reinisch
Now in CF: Mandela Faruq
Batting: RHB Antonio Boyle 0-0: Swinging Strike
0-1: Foul Ball, location: 2F
0-2: Ball
1-2: Strikes out swinging
Pinch Hitting: RHB Tre Hempfling 0-0: Foul Ball, location: 2F
0-1: Ball
1-1: Ground out 6-3 (Groundball, 6, EV 106.9 MPH)
Batting: RHB Sonny Zidane 0-0: Called Strike
0-1: Ground out 5-3 (Groundball, 5L, EV 80.0 MPH)
Top of the 7th over - 0 runs, 0 hits, 0 errors, 0 left on base; Baltimore 3 - Denver 0
BOTTOM OF THE 7TH
Denver Bulls batting - Pitching for Baltimore Bulldogs : RHP Jim Miller
Pitching: LHP Jonas Zimmerman
Now in LF: Justin Castiglioni
Now in CF: Joseph Olsen
Now in RF: Gregg Flores
Batting: LHB Mandela Faruq 0-0: Ball
1-0: Foul Ball, location: 2F
1-1: Swinging Strike
1-2: Ball
2-2: Foul Ball, location: 2F
2-2: Foul Ball, location: 2F
2-2: Ball
3-2: Strikes out looking
Batting: RHB Chasson Egan 0-0: Ball
1-0: Ball
2-0: Called Strike
2-1: Reached via error on a dropped throw from 2B, E3 (Groundball, 34, EV 83.1 MPH)
Pinch Hitting: LHB Michael Hughes 0-0: Ball
1-0: Ball
2-0: Foul Ball, location: 2F
2-1: Fielders Choice at 2nd, 4-6 (Groundball, 4, EV 105.0 MPH)
Pinch Hitting: LHB Johnathan Wang 0-0: Ball
1-0: Foul Ball, location: 2F
1-1: Ground out 5-3 (Groundball, 56, EV 105.6 MPH)
Bottom of the 7th over - 0 runs, 0 hits, 1 error, 1 left on base; Baltimore 3 - Denver 0
TOP OF THE 8TH
Baltimore Bulldogs batting - Pitching for Denver Bulls : LHP Chandler Magnuson
Pitching: LHP Duncan Mulifi
Now at 1B: Michael Hughes
Now in LF: Johnathan Wang
Pinch Hitting: SHB Ulisses Schnopp 0-0: Called Strike
0-1: Ball
1-1: Called Strike
1-2: Ball
2-2: Foul Ball, location: 2F
2-2: SINGLE (Line Drive, 34D, EV 105.6 MPH)
Batting: LHB Kentrellis Donciu 0-0: Ball
1-0: Ball
2-0: Ball
3-0: Called Strike
3-1: Foul Ball, location: 2F
3-2: Strikes out swinging
Ulisses Schnopp steals 2nd base
Batter strikes out.
Batting: RHB Joseph Olsen 0-0: Ball
1-0: Ball
2-0: Swinging Strike
2-1: Swinging Strike
2-2: Ball
3-2: Single, Error in OF, E7, batter to second base (Line Drive, 78M, EV 110.6 MPH)
Ulisses Schnopp scores
Batting: LHB Owen Keimig 0-0: Called Strike
0-1: Swinging Strike
0-2: Strikes out swinging
Batting: RHB Neil Shoemaker 0-0: Ball
1-0: Ball
2-0: Foul Ball, location: 2F
2-1: Reached on error, E4 (Groundball, 4, EV 101.9 MPH)
Joseph Olsen to third
Batting: RHB Stephen Cuff 0-0: Called Strike
0-1: Foul Ball, location: 2F
0-2: Strikes out swinging
Top of the 8th over - 1 run, 2 hits, 2 errors, 2 left on base; Baltimore 4 - Denver 0
BOTTOM OF THE 8TH
Denver Bulls batting - Pitching for Baltimore Bulldogs : LHP Jonas Zimmerman
Pitching: RHP Devon Goldsmith
Now in LF: Ulisses Schnopp
Pinch Hitting: LHB Vince Ridgway 0-0: Ball
1-0: Swinging Strike
1-1: Fly out, F8 (Flyball, 8LM, EV 88.8 MPH)
Batting: SHB Lindsay Einaudi 0-0: Ball
1-0: Swinging Strike
1-1: Ball
2-1: SINGLE (Groundball, 34D, EV 110.6 MPH)
Batting: LHB Eaton Duda 0-0: Ball
1-0: Called Strike
1-1: Ball
2-1: Foul Ball, location: 2F
2-2: Foul Ball, location: 2F
2-2: Foul Ball, location: 2F
2-2: Strikes out swinging
Batting: SHB Sage Reinisch 0-0: Ball
1-0: Ball
2-0: Foul Ball, location: 2F
2-1: Foul Ball, location: 2F
2-2: Ball
3-2: Base on Balls
Lindsay Einaudi to second
Batting: RHB Odell Mapute 0-0: Ball
1-0: Foul Ball, location: 2F
1-1: Called Strike
1-2: Ball
2-2: Foul Ball, location: 2F
2-2: Ball
3-2: Base on Balls
Lindsay Einaudi to third
Sage Reinisch to second
Batting: LHB Mandela Faruq 0-0: Ball
1-0: Ball
2-0: Foul Ball, location: 2F
2-1: Ball
3-1: Swinging Strike
3-2: Foul Ball, location: 2F
3-2: Strikes out swinging
Bottom of the 8th over - 0 runs, 1 hit, 0 errors, 3 left on base; Baltimore 4 - Denver 0
TOP OF THE 9TH
Baltimore Bulldogs batting - Pitching for Denver Bulls : LHP Duncan Mulifi
Pitching: LHP Colby Saunders
Now in RF: Vince Ridgway
Batting: RHB Antonio Boyle 0-0: Ball
1-0: Called Strike
1-1: Foul Ball, location: 2F
1-2: Strikes out swinging, 2-3 out at first.
Batting: LHB Gregg Flores 0-0: Ball
1-0: Ball
2-0: Foul Ball, location: 2F
2-1: SINGLE (Groundball, 34D, EV 102.5 MPH)
Batting: RHB Sonny Zidane 0-0: Ball
1-0: Foul Ball, location: 2F
1-1: Fly out, F8 (Flyball, 8RD, EV 105.0 MPH)
Batting: SHB Ulisses Schnopp 0-0: Ball
1-0: Foul Ball, location: 2F
1-1: Called Strike
1-2: Ball
2-2: Foul Ball, location: 2F
2-2: Foul Ball, location: 2F
2-2: Strikes out looking
Top of the 9th over - 0 runs, 1 hit, 0 errors, 1 left on base; Baltimore 4 - Denver 0
BOTTOM OF THE 9TH
Denver Bulls batting - Pitching for Baltimore Bulldogs : RHP Devon Goldsmith
Pitching: LHP Rakeem Senegal
Batting: RHB Chasson Egan 0-0: Called Strike
0-1: Called Strike
0-2: SINGLE (Groundball, 56D, EV 106.2 MPH)
Batting: LHB Michael Hughes 0-0: Ball
1-0: Fly out, F7 (Flyball, 7D, EV 91.9 MPH)
Batting: LHB Johnathan Wang 0-0: Ball
1-0: Called Strike
1-1: Called Strike
1-2: Foul Ball, location: 2F
1-2: SINGLE (Groundball, 34D, EV 103.8 MPH)
Chasson Egan to second
Batting: LHB Vince Ridgway 0-0: Called Strike
0-1: SINGLE (Line Drive, 78M, EV 104.4 MPH)
Chasson Egan to third
Johnathan Wang to second
Pinch Hitting: RHB Chandler Hays 0-0: Grounds into double play, 3-6-3 (Groundball, 34, EV 103.8 MPH)
Bottom of the 9th over - 0 runs, 3 hits, 0 errors, 2 left on base; Baltimore 4 - Denver 0
Wednesday, April 17th , 2024 - OOTP Baseball 23.10 Build 110